 Dungeon Crawl Stone Soup version 0.30-a0-956-gcec3b41aec (webtiles) character file.

Game seed: 6164388909431363636

5552 leviel the Cleaver (level 10, -1/87 (88) HPs)
             Began as a Hill Orc Monk on Mar 29, 2023.
             Was an Elder of the Shining One.
             Splashed by a jelly's acid (8 damage)
             ... on level 7 of the Dungeon.
             The game lasted 00:10:00 (6606 turns).

leviel the Cleaver (Hill Orc Monk)                  Turns: 6606, Time: 00:10:01

HP:   -1/87 (88)    AC:  0    Str: 19    XL:     10   Next: 71%
MP:   14/14         EV:  9    Int: 10    God:    the Shining One [****..]
Gold: 379           SH: 15    Dex: 13    Spells: 9/9 levels left

rFire   . . .      SeeInvis .    t - +4 hand axe (flame)
rCold   . . .      Faith    .    p - +1 tower shield {rN+}
rNeg    + + +      Spirit   .    g - +0 plate armour
rPois   +          Reflect  .    n - +0 helmet
rElec   .          Rampage  .    (no cloak)
rCorr   .                        z - +0 pair of gloves
Will    .....                    x - +0 pair of boots Stlth
                                 m - amulet of regeneration
HPRegen 1.14/turn                h - ring of poison resistance
MPRegen 0.14/turn                D - +5 ring of evasion

@: corroded, glowing, lightly drained
A: no striking features
a: Renounce Religion, Divine Shield, Cleansing Flame


You were on level 7 of the Dungeon.
You worshipped the Shining One.
The Shining One was greatly pleased with you.
You visited 2 branches of the dungeon, and saw 9 of its levels.

You collected 499 gold pieces.
You spent 120 gold pieces at shops.

Inventory:

Hand Weapons
 a - a +0 hand axe of electrocution
 t - a +4 hand axe of flaming (weapon)
Armour
 g - a +0 plate armour (worn)
 n - a +0 helmet (worn)
 p - a +1 tower shield of positive energy (worn)
 x - a +0 pair of boots (worn)
 z - a +0 pair of gloves (worn)
Jewellery
 h - a ring of poison resistance (left hand)
 m - an amulet of regeneration (around neck)
 q - a ring of magical power
 B - a ring of ice {rC+ rF-}
 D - a +5 ring of evasion (right hand)
 F - a ring of wizardry
Wands
 I - a wand of iceblast (6)
 J - a wand of mindburst (6)
Scrolls
 d - 4 scrolls of brand weapon
 j - a scroll of fog
 k - 2 scrolls of enchant armour {@r2}
 l - 5 scrolls of teleportation
 r - 2 scrolls of magic mapping
 u - a scroll of immolation
 v - a scroll of fear
 w - 2 scrolls of poison
 y - a scroll of amnesia
 A - 7 scrolls of identify {@r1}
Potions
 b - a potion of cancellation
 c - 3 potions of ambrosia
 e - 2 potions of curing
 f - a potion of berserk rage
 i - 2 potions of might
 o - 2 potions of resistance
 s - a potion of magic {unknown}
 C - 2 potions of attraction {unknown}
 E - a potion of heal wounds {unknown}
 G - a potion of brilliance
 H - a potion of mutation {unknown}


   Skills:
 + Level 7.8 Fighting
 * Level 10.4 Axes
 + Level 6.0 Armour
 + Level 5.9 Dodging
 + Level 5.4 Stealth
 + Level 6.0 Shields
 + Level 5.6 Invocations


You had 9 spell levels left.
You didn't know any spells.
Your spell library contained the following spells:

 Spells                   Type           Power      Damage    Failure   Level
 Freeze                   Ice            0%         1d3       100%        1
 Magic Dart               Conj           0%         1d3       100%        1
 Lesser Beckoning         Tloc           0%         N/A       100%        2
 Searing Ray              Conj           0%         2d4       100%        2
 Frozen Ramparts          Ice            0%         1d1       100%        3
 Gell's Gravitas          Tloc           0%         N/A       100%        3
 Hailstorm                Conj/Ice       0%         3d3       100%        3
 Teleport Other           Tloc           0%         N/A       100%        3
 Anguish                  Hex/Necr       0%         N/A       100%        4
 Fulminant Prism          Conj/Hex       0%         3d5       100%        4
 Enfeeble                 Hex            0%         N/A       100%        7
 Borgnjor's Revivificati  Necr           0%         N/A       100%        8
 Necromutation            Tmut/Necr      0%         N/A       100%        8
 Death's Door             Necr           0%         N/A       100%        9


Dungeon Overview and Level Annotations

Branches:
Dungeon (8/15)             Temple (1/1) D:5
   Lair: D:8-11

Altars:
Ashenzari
Cheibriados
Dithmenos
Elyvilon
Fedhas
Gozag
Hepliaklqana
Kikubaaqudgha
Makhleb
Nemelex Xobeh
Okawaru
Qazlal
Ru
Sif Muna
Trog
Uskayaw
Vehumet
Wu Jian
Xom
Yredelemnul
Zin
The Shining One

Shops:
D:3 [   D:8 *

Annotations:
D:2 Sigmund


Message History

* * * LOW HITPOINT WARNING * * *
The jelly hits you.
* * * LOW HITPOINT WARNING * * *
You are splashed with acid!
* * * LOW HITPOINT WARNING * * *
You feel better. You block the jelly's attack.
The orc priest invokes the aid of Beogh against you.
Beogh smites you!
* * * LOW HITPOINT WARNING * * *
An orc warrior comes into view. It is wielding a +0 war axe.
You block the jelly's attack.
The orc priest attacks as you move away!
The orc priest barely misses you. The jelly attacks as you move away!
You block the jelly's attack.
The orc warrior shouts!
Okay, then.
The orc priest attacks as you move away!
The orc priest hits you with a +0 club.
* * * LOW HITPOINT WARNING * * *
The jelly attacks as you move away! You block the jelly's attack. x2
An orc comes into view. It is wielding a +0 short sword.
The orc priest threatens, "By the altar or by the axe, you will meet Beogh!"
The orc shouts!
The jelly attacks as you move away! The jelly barely misses you.
A jelly comes into view.
The orc warrior attacks as you move away!
The orc warrior barely misses you.
There is an escape hatch in the ceiling here.
You block the jelly's attack.
The orc warrior hits you with a +0 war axe.
* * * LOW HITPOINT WARNING * * *
A mysterious force pulls you upwards. The hatch slams shut behind you.
The jelly attacks as you move away! The jelly hits you but does no damage.
You block the orc warrior's attack.
The orc warrior attacks as you move away!
You block the orc warrior's attack. The jelly attacks as you move away!
The jelly hits you.
* * * LOW HITPOINT WARNING * * *
The acid corrodes you!
You are splashed with acid!
You die...

#.# #.# #....#.# #..#
#.# #.###)###.## ##.#
###.# #.....# ### #.#
.(..# ###.### ##.##
#...## #.#
#########...###
.###.##########.#
#..........>..# .#
#.........##.#
#.#######...#.#
.###.#######.##.###.##
##.##.# #...##
###...o@....#######.##.#
##.##
#.....J###..........##.#
##.#
#.########..##########.#
##.# #........#..# #.#
##.##############.#..#
#.# ##.##...######
#.#..# #.#
##.##.....^..#
#.#..##########.#
##.##...####.#
#.#..)..........#
##.....## #.#
#.##.############


You could see an orc warrior and a jelly.

Vanquished Creatures
  A two-headed ogre (D:8)
  Pikel (D:8)
  3 yaks (D:8)
  A steam dragon (D:7)
  Menkaure (D:5)
  2 water moccasins
  An ice beast (D:7)
  2 sky beasts (D:7)
  3 centaurs
  A phantom (D:5)
  3 bullfrogs
  A gnoll sergeant (D:7)
  7 scorpions
  20 wights
  3 killer bees (D:7)
  3 howler monkeys
  2 jellies
  8 orc priests
  5 hounds
  3 iguanas
  A sleepcap (D:6)
  Jessica (D:3)
  Terence (D:2)
  8 orc wizards
  4 gnolls (D:7)
  10 adders
  2 worms (D:3)
  3 dart slugs
  42 orcs
  4 ball pythons
  8 endoplasms
  10 goblins
  3 hobgoblins
  8 jackals
  12 kobolds
  4 quokkas
  8 bats
  3 frilled lizards
  6 rats
209 creatures vanquished.

Vanquished Creatures (others)
  2 orc wizards
2 creatures vanquished.

Grand Total: 211 creatures vanquished

Notes
Turn   | Place    | Note
-------+----------+-------------------------------------------
     0 | D:1      | leviel the Hill Orc Monk began the quest for the Orb.
     0 | D:1      | Reached XP level 1. HP: 19/19 MP: 1/1
   235 | D:1      | Reached XP level 2. HP: 24/27 MP: 2/2
   552 | D:1      | Reached XP level 3. HP: 29/33 MP: 3/3
  1099 | D:2      | Noticed Terence
  1109 | D:2      | Killed Terence
  1110 | D:2      | Reached XP level 4. HP: 35/40 MP: 4/4
  1302 | D:2      | Noticed Sigmund
  1949 | D:3      | Found Haetam's Antique Armour Shop.
  1952 | D:3      | Bought a runed tower shield for 120 gold pieces
  2205 | D:3      | Found a blossoming altar of Fedhas.
  2224 | D:3      | Identified the +4 dagger of Fimbulwinter {venom, rElec rF-
                  | Stlth+}
  2274 | D:3      | Reached skill level 1 in Armour
  2274 | D:3      | Reached skill level 1 in Shields
  2279 | D:3      | Reached XP level 5. HP: 42/46 MP: 5/5
  2580 | D:3      | Noticed Jessica
  2583 | D:3      | Killed Jessica
  2665 | D:4      | Reached skill level 5 in Axes
  2665 | D:4      | Reached XP level 6. HP: 39/53 MP: 6/6
  2792 | D:4      | Reached XP level 7. HP: 60/60 MP: 7/7
  2950 | D:4      | Reached skill level 5 in Fighting
  3334 | D:5      | Entered Level 5 of the Dungeon
  3590 | D:5      | Identified the +0 scale mail "Just" {Dex+6}
  3650 | D:5      | Noticed Menkaure
  3652 | D:5      | Reached skill level 6 in Axes
  3652 | D:5      | Reached XP level 8. HP: 69/69 MP: 8/8
  3656 | D:5      | Killed Menkaure
  3676 | D:5      | Found a staircase to the Ecumenical Temple.
  3769 | Temple   | Entered the Ecumenical Temple
  4082 | Temple   | Became a worshipper of the Shining One
  4082 | Temple   | Reached * piety under the Shining One
  4082 | Temple   | Reached ** piety under the Shining One
  4748 | D:6      | Reached skill level 1 in Invocations
  4766 | D:6      | HP: 4/105 [orc priest/divine providence (13)]
  5075 | D:6      | Reached skill level 7 in Axes
  5082 | D:6      | Reached XP level 9. HP: 47/75 MP: 10/10
  5139 | D:6      | Reached skill level 5 in Dodging
  5227 | D:6      | Reached skill level 8 in Axes
  5427 | D:7      | Reached *** piety under the Shining One
  5672 | D:7      | Reached skill level 5 in Armour
  5672 | D:7      | Reached skill level 5 in Shields
  5743 | D:7      | Reached skill level 9 in Axes
  5872 | D:7      | Reached XP level 10. HP: 86/86 MP: 13/13
  6145 | D:7      | Reached skill level 5 in Stealth
  6329 | D:8      | Noticed a two-headed ogre
  6336 | D:8      | Reached skill level 5 in Invocations
  6345 | D:8      | Killed a two-headed ogre
  6346 | D:8      | Reached skill level 10 in Axes
  6514 | D:8      | Noticed Pikel
  6522 | D:8      | Killed Pikel
  6575 | D:8      | Found Veumyl's General Store.
  6578 | D:8      | Reached **** piety under the Shining One
  6596 | D:8      | HP: 3/87 [orc priest/+0 club (4)]
  6606 | D:7      | Splashed by a jelly's acid

Illustrated notes

Levels and vault maps discovered:
D:1:      minmay_arrival_stair_chambers, layout_rooms
D:2:      layout_basic, uniq_sigmund, uniq_terence
D:3:      minmay_diamond_boxcup, layout_basic, mainiacjoe_overflow_boulevard,
          serial_shops, nicolae_shop_statue_plus, uniq_jessica
D:4:      layout_loops_ring
D:5:      layout_loops_corners, temple_pool_b, uniq_menkaure
D:6:      layout_gridville, serial_rivers, chequers_serial_rivers_micro_c,
          chequers_serial_rivers_micro_b, chequers_serial_rivers_small_b,
          chequers_serial_rivers_room_b, chequers_serial_rivers_micro_a,
          minivault_25
D:7:      layout_loops_ring, grunt_ministairs_8, nicolae_benzene_ring
D:8:      layout_rooms, serial_shops, shop, jiyva_altar_1, uniq_pikel
Temple:   mainiacjoe_temple_circle_huts

Skill      XL: |  1  2  3  4  5  6  7  8  9 10 |
---------------+-------------------------------+-----
Fighting       | 4 5 6 7 |  7.8
Dodging        | 3 4 5 |  5.9
Stealth        | 2 3 4 5 |  5.4
Armour         | 1 2 3 4 5 6 |  6.0
Shields        | 1 2 3 4 5 6 |  6.0
Axes           | 5 6 7 9 10 | 10.4
Invocations    | 2 4 5 |  5.6

Action                     |  1- 3 |  4- 6 |  7- 9 | 10-12 || total
---------------------------+-------+-------+-------+-------++-------
  Melee: Hand axe          |   125 |   106 |   329 |   105 ||   665
    Use: Scroll            |     4 |     8 |     4 |       ||    16
         Potion            |       |       |     1 |     1 ||     2
 Armour: Robe              |     5 |       |       |       ||     5
         Ring mail         |    15 |       |       |       ||    15
         Plate armour      |    43 |    87 |   263 |    48 ||   441
  Dodge: Dodged            |    48 |     5 |    36 |    18 ||   107
  Block: Kite shield       |    21 |       |       |       ||    21
         Tower shield      |       |    75 |   282 |    98 ||   455

Table legend: (Time is in decaauts)
 A = Elapsed time spent in this place.
 B = Non-inter-level travel time spent in this place.
 C = Inter-level travel time spent in this place.
 D = Time resting spent in this place.
 E = Time spent auto-exploring this place.
 F = Levels seen in this place.
 G = Mean time per level.
                   A        B        C        D        E       F      G
               +--------+--------+--------+--------+--------+-----+--------+
         Total |   6816 |   6573 |    243 |    670 |   4276 |   9 |  757.3 |
       Dungeon |   6491 |   6272 |    219 |    670 |   3997 |   8 |  811.4 |
        Temple |    325 |    301 |     24 |      0 |    279 |   1 |  325.0 |
               +--------+--------+--------+--------+--------+-----+--------+

Top non-repeatable levels by time:
     D:2: 1192 daAuts
     D:5: 1130 daAuts
     D:7: 911 daAuts
     D:3: 793 daAuts
     D:1: 722 daAuts
     D:6: 717 daAuts
     D:4: 715 daAuts
  Temple: 325 daAuts
     D:8: 307 daAuts
